 Dungeon Crawl Stone Soup version 0.29.1-1-gd02db6906a (webtiles) character file.

Game seed: 15313858097184266847

19 Low2 the Poker (level 2, 0/29 HPs)
             Began as an Ogre Gladiator on Oct 14, 2022.
             Slain by an endoplasm (1 damage)
             ... on level 2 of the Dungeon.
             The game lasted 00:01:34 (334 turns).

Low2 the Poker (Ogre Gladiator)                      Turns: 334, Time: 00:01:35

Health: 0/29       AC:  4    Str: 17    XL:     2   Next: 75%
Magic:  2/2        EV: 10    Int:  9    God:
Gold:   11         SH:  0    Dex: 10    Spells: 1/1 levels left

rFire   . . .      SeeInvis .   a - +0 trident
rCold   . . .      Faith    .   (no shield)
rNeg    . . .      Spirit   .   b - +1 robe
rPois   .          Reflect  .   c - +0 hat
rElec   .          Harm     .   (no cloak)
rCorr   .          Rampage  .   (gloves unavailable)
Will    .....                   (boots unavailable)
Stlth   +.........              (no amulet)
HPRegen 0.09/turn               (no ring)
MPRegen 0.08/turn               (no ring)

@: no status effects
A: large, unfitting armour, tough skin 1
a: no special abilities


You were on level 2 of the Dungeon.
You visited 1 branch of the dungeon, and saw 2 of its levels.

You collected 11 gold pieces.

Inventory:

Hand Weapons
 a - a +0 trident (weapon)
Missiles
 e - a large rock (quivered)
 f - 5 stones
Armour
 b - a +1 robe (worn)
 c - a +0 hat (worn)


   Skills:
 + Level 2.9 Fighting
 + Level 3.4 Polearms
 + Level 2.1 Throwing
 + Level 3.0 Dodging


You had one spell level left.
You didn't know any spells.
Your spell library was empty.

Dungeon Overview and Level Annotations

Branches:
Dungeon (2/15)

Altars:


Innate Abilities, Weirdness & Mutations

You are too large for most types of armour.
You have tough skin. (AC +1)


Message History

Throw: 2 throwing nets
Press: ? - help, Q - select action, (/) - cycle Shift-Dir - straight line, f/p - adder
Aim: an adder (lightly wounded, 38% to hit)
You throw a throwing net. The throwing net hits the adder.
The adder is caught in the net!
The adder is lightly wounded.
You feel sick.
You are no longer poisoned.
The adder struggles against the net.
You hit the adder.
The adder is heavily wounded.
The adder struggles against the net. x2
You hit the adder but do no damage.
The adder is heavily wounded.
The adder struggles against the net. x2
The net rips apart, and the adder comes free!
You hit the adder but do no damage.
The adder is heavily wounded.
The adder bites you but does no damage.
Throw: throwing net
Press: ? - help, Q - select action, (/) - cycle Shift-Dir - straight line, f/p - adder
Aim: an adder (heavily wounded, 38% to hit)
You throw a throwing net. The throwing net hits the adder.
The adder is caught in the net!
The adder is heavily wounded.
The adder struggles against the net.
You puncture the adder!
You kill the adder!
The endoplasm jiggles.
The endoplasm hits you.
* * * LOW HITPOINT WARNING * * *
Your Dodging skill increases to level 3!
You hit the endoplasm.
The endoplasm is severely wounded.
The endoplasm freezes you.
You are frozen.
* * * LOW HITPOINT WARNING * * *
It was a potion of magic.
Magic courses through your body. The endoplasm hits you.
You die...

#.#
#######..†..###
#.#
#.............#
#.#
#######.#######
#.# #888#..#
#..# #.#
#...#..# +..#
..# ##'##..#
#..# #......#
#..#
#...#..###..#
#####(.gJ@.###
#...###[.#
#..#####.....#
....g........#
.######.######
#..# #.## #. ..


You could see an endoplasm and a goblin.

Vanquished Creatures
  An adder (D:2)
  5 hobgoblins
  A frilled lizard (D:2)
  A kobold (D:1)
  2 rats
10 creatures vanquished.

Notes
Turn   | Place    | Note
-------+----------+-------------------------------------------
     0 | D:1      | Low2 the Ogre Gladiator began the quest for the Orb.
     0 | D:1      | Reached XP level 1. HP: 22/22 MP: 1/1
   127 | D:2      | Reached XP level 2. HP: 26/29 MP: 2/2
   333 | D:2      | HP: 1/29 [frozen (5)]
   334 | D:2      | Slain by an endoplasm

Illustrated notes

Levels and vault maps discovered:
D:1:      minmay_arrival_three_doors, layout_loops_ring
D:2:      layout_basic, shapermc_ecumenical_altar_mp_vishouse

Skill      XL: |  1  2 |
---------------+-------+-----
Dodging        | 3 |  3.0
Fighting       | |  2.9
Polearms       | |  3.4
Throwing       | |  2.1

Action                   || total
-------------------------++-------
Melee: Trident           ||    39
Throw: Throwing net      ||     3
  Use: Scroll            ||     1
       Potion            ||     1
Armor: Robe              ||    12
Dodge: Dodged            ||    26
